NCAA
MIAMI HURRICANES @ SOUTH CAROLINA GAMECOCKS
04/20/2030
 
TOP OF THE 1ST
Miami Hurricanes batting - Pitching for South Carolina Gamecocks : RHP Jesús Valle
Pitching: RHP Jesús Valle
Batting: LHB Joe Joyce 0-0: Ball
1-0: SINGLE (Line Drive, 8RS)
Batting: RHB Thad Hunter 0-0: Swinging Strike
0-1: Ball
1-1: Foul Ball, location: 2F
1-2: Fly out, F9 (Flyball, 9LMF)
Batting: RHB Joe Wild 0-0: Ball
Joe Joyce is caught stealing 2nd base
1-0: Swinging Strike
1-1: Swinging Strike
1-2: Ball
2-2: Strikes out swinging
Top of the 1st over - 0 runs, 1 hit, 0 errors, 0 left on base; Miami 0 - South Carolina 0
BOTTOM OF THE 1ST
South Carolina Gamecocks batting - Pitching for Miami Hurricanes : RHP Patrick Lloyd
Pitching: RHP Patrick Lloyd
Batting: LHB Ed Nelson 0-0: Ball
1-0: Foul Ball, location: 2F
1-1: Ground out 4-3 (Groundball, 4)
Batting: RHB Gerardo Gallegos 0-0: Foul Ball, location: 2F
0-1: Swinging Strike
0-2: Ground out 6-3 (Groundball, 6)
Batting: RHB Brandon Smith 0-0: Called Strike
0-1: Ball
1-1: Ball
2-1: SINGLE (Groundball, 6M) (infield hit)
Batting: SHB Eric Silva 0-0: Ball
1-0: Ball
2-0: Ball
3-0: Base on Balls
Brandon Smith to second
Batting: LHB Eric Martin 0-0: Called Strike
0-1: Swinging Strike
0-2: Foul Ball, location: 2F
0-2: Ball
1-2: Strikes out swinging
Bottom of the 1st over - 0 runs, 1 hit, 0 errors, 2 left on base; Miami 0 - South Carolina 0
TOP OF THE 2ND
Miami Hurricanes batting - Pitching for South Carolina Gamecocks : RHP Jesús Valle
Batting: RHB Eric Hawkins 0-0: Ball
1-0: Ball
2-0: Called Strike
2-1: Ball
3-1: SINGLE (Groundball, 6MD)
Batting: SHB Roy Johnston 0-0: Called Strike
0-1: Foul Ball, location: 2F
0-2: Foul Ball, location: 2F
0-2: Strikes out swinging
Batting: LHB José Méndez 0-0: Fly out, F4 (Popup, 4M)
Batting: RHB Michael O'Gill 0-0: Ball
1-0: Ball
2-0: Ball
3-0: Called Strike
3-1: Called Strike
3-2: Base on Balls
Eric Hawkins to second
Batting: LHB Walton Arnold 0-0: TRIPLE (Line Drive, 8RD)
Eric Hawkins scores
Michael O'Gill scores
Batting: RHB Jim Suárez 0-0: Ball
1-0: Ball
2-0: Ball
3-0: Base on Balls
Batting: LHB Joe Joyce 0-0: Foul Ball, location: 2F
0-1: Ball
1-1: Ball
2-1: Ball
3-1: Base on Balls
Jim Suárez to second
Batting: RHB Thad Hunter 0-0: Called Strike
0-1: Foul Ball, location: 2F
0-2: Strikes out swinging
Top of the 2nd over - 2 runs, 2 hits, 0 errors, 3 left on base; Miami 2 - South Carolina 0
BOTTOM OF THE 2ND
South Carolina Gamecocks batting - Pitching for Miami Hurricanes : RHP Patrick Lloyd
Batting: RHB Mike Connor 0-0: Ball
1-0: Called Strike
1-1: Ball
2-1: Swinging Strike
2-2: Foul Ball, location: 2F
2-2: Strikes out swinging
Batting: RHB Reggie Gordon 0-0: Foul Ball, location: 2F
0-1: Ball
1-1: Fly out, F9 (Flyball, 9S)
Batting: LHB Jorge Merced 0-0: Ball
1-0: Called Strike
1-1: Ball
2-1: Ball
3-1: Base on Balls
Batting: RHB Garrett Nelson 0-0: Called Strike
0-1: Ball
1-1: DOUBLE (Line Drive, 8RD)
Jorge Merced to third
Runner from 3rd tries for Home, SAFE, no throw
Batting: LHB Ed Nelson 0-0: Ball
1-0: Foul Ball, location: 2F
1-1: Foul Ball, location: 2F
1-2: Foul Ball, location: 2F
1-2: Ball
2-2: Ball
Wild Pitch!
Garrett Nelson to third
3-2: Base on Balls
Batting: RHB Gerardo Gallegos 0-0: Ball
1-0: Fielders Choice at 2nd, 6-4 (Groundball, 6)
Bottom of the 2nd over - 1 run, 1 hit, 0 errors, 2 left on base; Miami 2 - South Carolina 1
TOP OF THE 3RD
Miami Hurricanes batting - Pitching for South Carolina Gamecocks : RHP Jesús Valle
Batting: RHB Joe Wild 0-0: Ball
1-0: Ball
2-0: Foul Ball, location: 2F
2-1: Fly out, F9 (Flyball, 9LS)
Batting: RHB Eric Hawkins 0-0: Swinging Strike
0-1: Ball
1-1: Swinging Strike
1-2: Strikes out swinging
Batting: SHB Roy Johnston 0-0: Called Strike
0-1: Ball
1-1: Foul Ball, location: 2F
1-2: Strikes out swinging
Top of the 3rd over - 0 runs, 0 hits, 0 errors, 0 left on base; Miami 2 - South Carolina 1
BOTTOM OF THE 3RD
South Carolina Gamecocks batting - Pitching for Miami Hurricanes : RHP Patrick Lloyd
Batting: RHB Brandon Smith 0-0: Called Strike
0-1: Ball
1-1: Foul Ball, location: 2F
1-2: Foul Ball, location: 2F
1-2: Strikes out swinging
Batting: SHB Eric Silva 0-0: Ball
1-0: Ball
2-0: Called Strike
2-1: Called Strike
2-2: Strikes out swinging
Batting: LHB Eric Martin 0-0: Reached on error, E4 (Groundball, 4)
Batting: RHB Mike Connor 0-0: Ball
1-0: Ball
2-0: Ball
3-0: Called Strike
3-1: Base on Balls
Eric Martin to second
Batting: RHB Reggie Gordon 0-0: Ball
1-0: Called Strike
1-1: Fly out, F7 (Flyball, 7S)
Bottom of the 3rd over - 0 runs, 0 hits, 1 error, 2 left on base; Miami 2 - South Carolina 1
TOP OF THE 4TH
Miami Hurricanes batting - Pitching for South Carolina Gamecocks : RHP Jesús Valle
Batting: LHB José Méndez 0-0: Called Strike
0-1: Foul Ball, location: 2F
0-2: Ball
1-2: Fly out, F9 (Flyball, 9)
Batting: RHB Michael O'Gill 0-0: Called Strike
0-1: Ball
1-1: Foul Ball, location: 2F
1-2: Foul Ball, location: 2F
1-2: Fly out, F8 (Flyball, 8LD)
Batting: LHB Walton Arnold 0-0: Called Strike
0-1: Swinging Strike
0-2: Ball
1-2: Ball
2-2: Strikes out swinging
Top of the 4th over - 0 runs, 0 hits, 0 errors, 0 left on base; Miami 2 - South Carolina 1
BOTTOM OF THE 4TH
South Carolina Gamecocks batting - Pitching for Miami Hurricanes : RHP Patrick Lloyd
Batting: LHB Jorge Merced 0-0: Ball
1-0: SINGLE (Groundball, 6S) (infield hit)
Batting: RHB Garrett Nelson 0-0: Ball
1-0: Fly out, F3 (Popup, 3S)
Batting: LHB Ed Nelson 0-0: Swinging Strike
0-1: Ball
1-1: Foul Ball, location: 2F
1-2: Foul Ball, location: 2F
1-2: DOUBLE (Line Drive, 9LM)
Jorge Merced to third
Batting: RHB Gerardo Gallegos 0-0: Ball
1-0: Called Strike
1-1: Ground out 6-3 (Groundball, 6)
Jorge Merced scores
Ed Nelson to third
Batting: RHB Brandon Smith 0-0: Foul Ball, location: 2F
0-1: Ball
1-1: Ball
2-1: SINGLE (Popup, 4D)
Ed Nelson scores
Pitching: RHP Chris Chalfant
Batting: SHB Eric Silva 0-0: Ball
1-0: Ball
2-0: Called Strike
2-1: DOUBLE (Flyball, 8RXD)
Brandon Smith to third
Batting: LHB Eric Martin 0-0: Foul Ball, location: 2F
0-1: Ball
1-1: Ball
2-1: Foul Ball, location: 2F
2-2: Ground out 3-1 (Groundball, 34)
Bottom of the 4th over - 2 runs, 4 hits, 0 errors, 2 left on base; Miami 2 - South Carolina 3
TOP OF THE 5TH
Miami Hurricanes batting - Pitching for South Carolina Gamecocks : RHP Jesús Valle
Batting: RHB Jim Suárez 0-0: Foul Ball, location: 2F
0-1: Ball
1-1: SINGLE (Flyball, 9LS)
Batting: LHB Joe Joyce 0-0: SINGLE (Groundball, 34D)
Jim Suárez to second
Runner from 2nd tries for 3rd, SAFE, throw made to third
Batting: RHB Thad Hunter 0-0: Foul Ball, location: 2F
0-1: Ball
1-1: Ball
2-1: Ball
3-1: Called Strike
3-2: Strikes out swinging
Batting: RHB Joe Wild 0-0: Ball
1-0: Ball
2-0: Ball
3-0: Base on Balls
Joe Joyce to second
Pitching: RHP Keith Thomas
Batting: RHB Eric Hawkins 0-0: Ball
1-0: Ball
2-0: Fly out, F9 (Flyball, 9)
Runner from 3rd tags up, SCORES, throw made
Batting: SHB Roy Johnston 0-0: Ball
1-0: Ball
2-0: Foul Ball, location: 2F
2-1: Swinging Strike
2-2: Ball
3-2: Strikes out swinging
Top of the 5th over - 1 run, 2 hits, 0 errors, 2 left on base; Miami 3 - South Carolina 3
BOTTOM OF THE 5TH
South Carolina Gamecocks batting - Pitching for Miami Hurricanes : RHP Chris Chalfant
Batting: RHB Mike Connor 0-0: Ball
1-0: Ball
2-0: Called Strike
2-1: Fly out, F9 (Flyball, 89D)
Batting: RHB Reggie Gordon 0-0: Foul Ball, location: 2F
0-1: Ball
1-1: Foul Ball, location: 2F
1-2: Ball
2-2: Ground out 6-3 (Groundball, 6)
Batting: LHB Jorge Merced 0-0: Ball
1-0: Ball
2-0: Called Strike
2-1: Fly out, F7 (Flyball, 78M)
Bottom of the 5th over - 0 runs, 0 hits, 0 errors, 0 left on base; Miami 3 - South Carolina 3
TOP OF THE 6TH
Miami Hurricanes batting - Pitching for South Carolina Gamecocks : RHP Keith Thomas
Batting: LHB José Méndez 0-0: Called Strike
0-1: Ball
1-1: Swinging Strike
1-2: Strikes out swinging
Batting: RHB Michael O'Gill 0-0: Swinging Strike
0-1: Swinging Strike
0-2: Foul Ball, location: 2F
0-2: Strikes out swinging
Batting: LHB Walton Arnold 0-0: Swinging Strike
0-1: Ball
1-1: DOUBLE (Line Drive, 9LD)
Batting: RHB Jim Suárez 0-0: Fly out, F8 (Flyball, 8RS)
Top of the 6th over - 0 runs, 1 hit, 0 errors, 1 left on base; Miami 3 - South Carolina 3
BOTTOM OF THE 6TH
South Carolina Gamecocks batting - Pitching for Miami Hurricanes : RHP Chris Chalfant
Batting: RHB Garrett Nelson 0-0: Ball
1-0: Ball
2-0: Ball
3-0: Called Strike
3-1: Base on Balls
Batting: LHB Ed Nelson 0-0: Ball
1-0: Called Strike
1-1: Ball
2-1: Grounds into double play, 4-6-3 (Groundball, 4)
Batting: RHB Gerardo Gallegos 0-0: Fly out, F7 (Flyball, 7LSF)
Bottom of the 6th over - 0 runs, 0 hits, 0 errors, 0 left on base; Miami 3 - South Carolina 3
TOP OF THE 7TH
Miami Hurricanes batting - Pitching for South Carolina Gamecocks : RHP Keith Thomas
Pitching: LHP Manuel Velasco
Batting: LHB Joe Joyce 0-0: Called Strike
0-1: Ball
1-1: SINGLE (Flyball, 8RS)
Pitching: RHP Tim Pope
Batting: RHB Thad Hunter 0-0: Ball
1-0: SINGLE (Groundball, 4MS) (infield hit)
Joe Joyce to second
Batting: RHB Joe Wild 0-0: Called Strike
0-1: Ball
1-1: Ball
2-1: Foul Ball, location: 2F
2-2: Ball
3-2: SINGLE (Groundball, 4D)
Joe Joyce to third
Thad Hunter to second
Runner from 3rd tries for Home, SAFE, no throw
Batting: RHB Eric Hawkins 0-0: Foul Ball, location: 2F
0-1: Ball
1-1: Ball
2-1: Ball
3-1: Foul Ball, location: 2F
3-2: Foul Ball, location: 2F
3-2: Foul Ball, location: 2F
3-2: Strikes out looking
Thad Hunter is caught stealing 3rd base
Batter strikes out.
Joe Wild to second
Batting: SHB Roy Johnston 0-0: Called Strike
0-1: Ball
1-1: Ball
2-1: Ball
3-1: SINGLE (Line Drive, 9S)
Joe Wild to third
Batting: LHB José Méndez 0-0: Ball
1-0: SINGLE (Flyball, 8RS)
Joe Wild scores
Roy Johnston to second
Batting: RHB Michael O'Gill 0-0: Called Strike
0-1: Reached on error, E5 (Groundball, 56)
Roy Johnston to third
José Méndez to second
Pinch Hitting: RHB Zane Heath 0-0: Ball
1-0: Called Strike
1-1: Called Strike
1-2: Ball
2-2: Ball
3-2: Strikes out looking
Top of the 7th over - 2 runs, 5 hits, 1 error, 3 left on base; Miami 5 - South Carolina 3
BOTTOM OF THE 7TH
South Carolina Gamecocks batting - Pitching for Miami Hurricanes : RHP Chris Chalfant
Now in CF: A.C. Carlson
Batting: RHB Brandon Smith 0-0: Ball
1-0: Called Strike
1-1: Ball
2-1: Foul Ball, location: 2F
2-2: Ball
3-2: Base on Balls
Batting: SHB Eric Silva 0-0: Reached on error, E7 (Flyball, 7D)
Brandon Smith to third
Batting: LHB Eric Martin 0-0: Ball
1-0: Swinging Strike
1-1: Ball
2-1: Foul Ball, location: 2F
2-2: Ball
Passed Ball!
Brandon Smith scores
Eric Silva to third
3-2: Base on Balls
Batting: RHB Mike Connor 0-0: Ball
Wild Pitch!
Eric Silva scores
Eric Martin to second
1-0: Swinging Strike
1-1: Ball
2-1: Ball
3-1: Called Strike
3-2: Fly out, F8 (Flyball, 8RS)
Batting: RHB Reggie Gordon 0-0: Intentional Walk
Pitching: RHP Jack Jones
Batting: LHB Jorge Merced 0-0: Called Strike
0-1: SINGLE (Groundball, 56D)
Eric Martin to third
Reggie Gordon to second
Pinch Hitting: RHB Michael Walker 0-0: Ball
1-0: Ball
2-0: Called Strike
2-1: Called Strike
2-2: Strikes out swinging
Batting: LHB Ed Nelson 0-0: Foul Ball, location: 2F
0-1: Ball
1-1: Ball
2-1: Called Strike
2-2: Ball
3-2: Foul Ball, location: 2F
3-2: Strikes out swinging
Bottom of the 7th over - 2 runs, 1 hit, 1 error, 3 left on base; Miami 5 - South Carolina 5
TOP OF THE 8TH
Miami Hurricanes batting - Pitching for South Carolina Gamecocks : RHP Tim Pope
Now in RF: Jorge Cortéz
Batting: RHB Jim Suárez 0-0: Fly out, F8 (Line Drive, 8LD)
Batting: LHB Joe Joyce 0-0: Ball
1-0: Called Strike
1-1: Ball
2-1: Ball
3-1: Base on Balls
Batting: RHB Thad Hunter 0-0: Called Strike
0-1: Ball
1-1: Foul Ball, location: 2F
1-2: Ball
2-2: Fielders Choice at 2nd, 4-6 (Groundball, 4M)
Batting: RHB Joe Wild 0-0: Ball
Thad Hunter steals 2nd base
1-0: Foul Ball, location: 2F
1-1: Fly out, F8 (Flyball, 8RD)
Top of the 8th over - 0 runs, 0 hits, 0 errors, 1 left on base; Miami 5 - South Carolina 5
BOTTOM OF THE 8TH
South Carolina Gamecocks batting - Pitching for Miami Hurricanes : RHP Jack Jones
Batting: RHB Gerardo Gallegos 0-0: Ball
1-0: Foul Ball, location: 2F
1-1: Ball
2-1: SINGLE (Groundball, 4MD)
Batting: RHB Brandon Smith 0-0: Foul Ball, location: 2F
0-1: Ball
1-1: Ball
2-1: Called Strike
2-2: Foul Ball, location: 2F
2-2: Ball
3-2: Base on Balls
Gerardo Gallegos to second
Batting: SHB Eric Silva 0-0: Ball
1-0: Ball
2-0: Ball
3-0: Base on Balls
Gerardo Gallegos to third
Brandon Smith to second
Batting: LHB Eric Martin 0-0: Foul Ball, location: 2F
0-1: SINGLE (Line Drive, 3D)
Gerardo Gallegos scores
Brandon Smith to third
Eric Silva to second
Batting: RHB Mike Connor 0-0: Ball
1-0: Ball
2-0: Foul Ball, location: 2F
2-1: Swinging Strike
2-2: Ball
3-2: Base on Balls
Brandon Smith scores
Eric Silva to third
Eric Martin to second
Batting: RHB Reggie Gordon 0-0: Ball
1-0: Foul Ball, location: 2F
1-1: Ball
2-1: Called Strike
2-2: Ball
3-2: GRAND SLAM HOME RUN (Flyball, 7D) (Inside the Park)
Pitching: RHP Kevin Clay
Batting: LHB Jorge Merced 0-0: Ball
1-0: Ground out U3 (Groundball, 34)
Batting: RHB Jorge Cortéz 0-0: Ball
1-0: Called Strike
1-1: SINGLE (Groundball, 56S) (infield hit)
Batting: LHB Ed Nelson 0-0: Called Strike
0-1: Grounds into double play, 6-4-3 (Groundball, 6M)
Bottom of the 8th over - 6 runs, 4 hits, 0 errors, 0 left on base; Miami 5 - South Carolina 11
TOP OF THE 9TH
Miami Hurricanes batting - Pitching for South Carolina Gamecocks : RHP Tim Pope
Batting: RHB Eric Hawkins 0-0: Called Strike
0-1: Swinging Strike
0-2: Fly out, F7 (Flyball, 7)
Batting: SHB Roy Johnston 0-0: SOLO HOME RUN (Flyball, 9LD), Distance : 340 ft
Batting: LHB José Méndez 0-0: Called Strike
0-1: Called Strike
0-2: Ball
1-2: Strikes out swinging
Batting: RHB Michael O'Gill 0-0: Ground out 5-3 (Groundball, 56S)
Top of the 9th over - 1 run, 1 hit, 0 errors, 0 left on base; Miami 6 - South Carolina 11
Saturday, April 7th, 2018 - OOTP Baseball 18.8 Build 76